 Dungeon Crawl Stone Soup version 0.17-a0-1939-ga475588 (webtiles) character file.

651 ololoev the Slasher (level 7, 0/49 HPs)
             Began as a High Elf Fighter on Sept 29, 2015.
             Was an Initiate of Makhleb.
             Slain by a phantom (1 damage)
             ... on level 7 of the Dungeon.
             The game lasted 00:13:33 (1605 turns).

ololoev the Slasher (High Elf Fighter)              Turns: 1605, Time: 00:13:33

Health: 0/49       AC: 16    Str: 17    XL:     7   Next: 28%
Magic:  8/8        EV:  3    Int:  8    God:    Makhleb [......]
Gold:   230        SH:  9    Dex: 15    Spells: 0 memorised, 6 levels left

rFire  + . .     SeeInvis .     a - +0 long sword
rCold  + . .     Clarity  .     m - +0 plate armour
rNeg   . . .     SustAt   .     c - +0 shield
rPois  .         Gourm    .     (no helmet)
rElec  .         Spirit   .     (no cloak)
rCorr  .         Warding  .     h - +0 pair of gloves
rMut   .         Stasis   .     l - +0 pair of boots
MR     .....                    r - amulet of faith
Stlth  ..........               w - ring of protection from fire
                                g - -4 ring of intelligence

@: lethally poisoned (0 -> -1), not resistant to hostile enchantments, extremely
unstealthy
A: thin metallic scales 1, cold resistance 1, evolution 1, subdued magic 1
a: Renounce Religion


Innate Abilities, Weirdness & Mutations

You are partially covered in thin metallic scales (AC +2).
Your flesh is cold resistant.
You evolve.
Your spells are a little easier to cast, but a little less powerful.

Inventory:

Hand weapons
 a - a +0 long sword (weapon)
Armour
 c - a +0 shield (worn)
 h - a +0 pair of gloves (worn)
 l - a +0 pair of boots (worn)
 m - a +0 plate armour (worn)
Jewellery
 g - a -4 ring of intelligence (left hand)
 n - an uncursed ring of magical power
 o - an uncursed amulet of the gourmand
 r - an amulet of faith (around neck)
 w - a ring of protection from fire (right hand)
Scrolls
 b - a scroll of teleportation
 f - 4 scrolls of identify
 j - a scroll of enchant weapon {unknown}
 k - 2 scrolls of remove curse
 p - 2 scrolls of amnesia {unknown}
 q - a scroll of immolation {unknown}
 t - a scroll of recharging
 u - a scroll of random uselessness {unknown}
 v - 2 scrolls of enchant armour {unknown}
Potions
 z - a potion of magic
Books
 i - a book of the Tempests

   Spells                             Type                      Level
   a - Static Discharge               Conjuration/Air              3
   b - Lightning Bolt                 Conjuration/Air              5
   c - Fireball                       Conjuration/Fire             5
   d - Tornado                        Air                          9
   e - Shatter                        Earth                        9
Comestibles
 d - a beef jerky
 e - 2 bread rations


   Skills:
 + Level 4.8 Fighting
 * Level 6.1 Long Blades
 + Level 4.2 Armour
 + Level 4.2 Shields


You had 6 spell levels left.
You didn't know any spells.


You were on level 7 of the Dungeon.
You worshipped Makhleb.
Makhleb was noncommittal.
You were not hungry.

You visited 2 branches of the dungeon, and saw 8 of its levels.

You collected 230 gold pieces.

,,,,,,,,,,,>,,,,,,,,,,#..######**
,*********************#..# ,*
#..######## ,* #....WS.... ,*
#.######### ,* #.# ,******** ###
#.# ,,,,,,,,******#W## #.#
*******,.......#@## #.#
**#####.###.### #.* #h#* ##..#
*.# ##,**#.#.# *.# **,#.##.# *.#
*#h#*#.# *.# ##* #.# *.# #.# *.#
#.###.#

Notes
Turn   | Place    | Note
--------------------------------------------------------------
     0 | D:1      | ololoev the High Elf Fighter began the quest for the Orb.
     0 | D:1      | Reached XP level 1. HP: 16/16 MP: 2/2
   216 | D:3      | Reached XP level 2. HP: 21/21 MP: 3/3
   268 | D:3      | Noticed ololoev's ghost (weakling HEFi)
   279 | D:3      | Killed ololoev's ghost
   327 | D:3      | Gained mutation: Your spells are a little easier to cast, but a little less powerful. [potion of mutation]
   327 | D:3      | Gained mutation: You evolve. [potion of mutation]
   327 | D:3      | Gained mutation: Your flesh is cold resistant. [potion of mutation]
   428 | D:3      | Reached XP level 3. HP: 7/26 MP: 4/4
   656 | D:5      | Entered Level 5 of the Dungeon
   877 | D:4      | Noticed Dowan
   878 | D:4      | Noticed Duvessa
   885 | D:4      | Killed Dowan
   885 | D:4      | Reached XP level 4. HP: 33/33 MP: 5/5
   904 | D:4      | Killed Duvessa
   904 | D:4      | Reached skill level 4 in Fighting
   904 | D:4      | Reached XP level 5. HP: 21/37 MP: 6/6
   928 | D:6      | Noticed Tux's ghost (experienced DEFE)
  1102 | D:5      | Reached XP level 6. HP: 25/43 MP: 7/7
  1140 | D:6      | Reached skill level 5 in Long Blades
  1172 | D:5      | Noticed an ice beast
  1186 | D:5      | Killed an ice beast
  1213 | D:5      | Noticed ololoev's ghost (weakling HOBe)
  1300 | D:5      | Found a radiant altar of Vehumet.
  1422 | D:5      | Gained mutation: You are partially covered in thin metallic scales (AC +2). [evolution]
  1464 | D:6      | Reached XP level 7. HP: 47/49 MP: 8/8
  1481 | D:7      | Reached skill level 6 in Long Blades
  1489 | D:7      | Found a staircase to the Ecumenical Temple.
  1497 | Temple   | Entered the Ecumenical Temple
  1514 | Temple   | Became a worshipper of Makhleb the Destroyer
  1558 | D:7      | Noticed Aarh's ghost (experienced KoAs)
  1602 | D:7      | HP: 1/49 [hound (4)]
  1605 | D:7      | Slain by a phantom

Dungeon Overview and Level Annotations

Branches:
Dungeon (7/15)             Temple (1/1) D:7

Altars:
Gozag
Makhleb
Okawaru
Sif Muna
Trog
Vehumet
Yredelemnul
Zin

Annotations:
D:5 ololoev's ghost, weakling HOBe
D:6 Tux's ghost, experienced DEFE
D:7 Aarh's ghost, experienced KoAs


Message History

The phantom is heavily damaged.
You feel sick.
The phantom hits you but does no damage.
Unknown command.
You slash the phantom!
The phantom is severely damaged.
The phantom hits you but does no damage.
Unknown command.
You miss the phantom.
The phantom is severely damaged.
The phantom blinks!
Unknown command.
You slash the hound!
The hound is heavily wounded.
You feel sick. The hound bites you but does no damage.
Unknown command.
You closely miss the hound.
The hound is heavily wounded.
You block the hound's attack. x2
Unknown command.
You completely miss the hound.
The hound is heavily wounded.
The hound barely misses you. x2
Unknown command.
You closely miss the hound.
The hound is heavily wounded.
You feel sick. The hound bites you. You block the hound's attack.
Unknown command.
You hit the hound.
The hound is heavily wounded.
The hound bites you but does no damage.
Unknown command.
You slash the hound!
You kill the hound!
Makhleb accepts your kill.
Unknown command.
You miss the phantom.
The phantom is severely damaged.
The phantom hits you.
You die...

You could see a phantom.

Vanquished Creatures
  Duvessa (D:4)
  An ogre (D:7)
  An ice beast (D:5)
  A giant frog (D:6)
  Dowan (D:4)
  2 hounds
  An orc wizard (D:5)
  A giant frog skeleton (D:5)
  2 worker ants (D:5)
  A hound zombie (D:6)
  An adder (D:3)
  A gnoll (D:3)
  2 shadow imps
  2 adder zombies (D:5)
  A worm (D:3)
  The ghost of ololoev the Skirmisher, a weakling HEFi (D:3)
  2 giant geckos
  13 orcs
  4 giant cockroaches
  4 goblins
  A hobgoblin (D:3)
  2 ball pythons
  4 bats
  3 kobolds
  A quokka (D:3)
  3 rats (D:3)
57 creatures vanquished.

Action                   |  1- 3 |  4- 6 |  7- 9 || total
-------------------------+-------+-------+-------++-------
Melee: Long sword        |   118 |   155 |    25 ||   298
  Use: Potion            |     6 |     1 |       ||     7
       Scroll            |       |       |     6 ||     6
  Eat: Chunk             |       |     1 |       ||     1
       Meat ration       |       |     1 |       ||     1

Vault maps used:
D:1:      saegor_arrival_miasma
D:2:      minitemple, tso_altar, first_bread, minmay_stone_trees_small,
          kennysheep_minor_cross, uniq_sigmund, uniq_robin
D:3:      wad_river_or_something
D:4:      nicolae_ru_the_path_less_chosen, uniq_duvessa
D:5:      overflow_temple_1_default
D:7:      minmay_temple_entry_fiery, enter_ossuary_4, uniq_menkaure
Temple:   nicolae_temple_great_sept
